 Dungeon Crawl Stone Soup version 0.31-a0-246-g8cbcc1cb85 (webtiles) character file.

Game seed: 9943456690851197090

2010 Anon1729 the Nimble (level 9, 0/79 HPs)
             Began as a Meteoran Monk on July 12, 2023.
             Was a Priest of Qazlal.
             Slain by a wolf (8 damage)
             ... led by Grum
             ... on level 8 of the Dungeon.
             The game lasted 00:05:48 (3626 turns).

Anon1729 the Nimble (Meteoran Monk)                 Turns: 3626, Time: 00:05:49

Health: 0/79       AC:  2    Str: 17    XL:     9   Next: 74%
Magic:  10/10      EV: 17    Int: 17    God:    Qazlal [***...]
Gold:   317        SH:  4    Dex: 18    Spells: 8/8 levels left

rFire   . .          .
                       - Unarmed
rCold   . . .        c - orb {light}
rNeg    . . .        a - +0 robe
rPois   .            (helmet currently unavailable)
rElec   .            (cloak currently unavailable)
rCorr   .            (gloves currently unavailable)
SInv    .            (boots currently unavailable)
Will    +....        y - amulet of faith
Stlth   +            r - +6 ring of intelligence
HPRegen 0.33/turn    (no ring)
MPRegen 0.12/turn

%: faith
@: beast-form, glowing
A: beast (slay +3), sense surroundings 2, otherworldly, glowing, explore regen
a: Renounce Religion, Upheaval, Elemental Force


You were on level 8 of the Dungeon.
You worshipped Qazlal.
Qazlal was most pleased with you.
You were a hulking beast.
You visited 1 branch of the dungeon, and saw 8 of its levels.

You collected 317 gold pieces.

Inventory:

Hand Weapons
 m - a +2 vampiric short sword
 v - the +8 flail "Kokhlir" {flame, rC+ Stlth+}
   (You found it on level 5 of the Dungeon)

   rC:        It protects you from cold.
   Stlth:     It makes you more stealthy.
Armour
 a - a +0 robe (worn)
 c - an orb of light (worn)
Jewellery
 r - a +6 ring of intelligence (left hand)
 s - a ring of ice
 y - an amulet of faith (around neck)
 F - a ring of poison resistance
Talismans
 j - a blade talisman
 t - a beast talisman
Wands
 q - a wand of polymorph (12)
 w - a wand of digging (6)
 C - a wand of mindburst (19)
 G - a wand of flame (17)
Scrolls
 d - 3 scrolls of amnesia
 f - 5 scrolls of teleportation
 g - 2 scrolls of identify
 i - a scroll of fog
 k - 3 scrolls of poison
 o - a scroll of vulnerability
 p - a scroll of noise
 u - 2 scrolls of fear
 D - a scroll of butterflies {unknown}
 E - a scroll of revelation {unknown}
Potions
 b - 2 potions of ambrosia
 e - 3 potions of curing
 h - 3 potions of haste {unknown}
 l - a potion of heal wounds {unknown}
 n - a potion of enlightenment {unknown}
 x - 2 potions of lignification {unknown}
 z - a potion of berserk rage {unknown}
 A - 2 potions of mutation {unknown}
 B - a potion of degeneration {unknown}
 H - 2 potions of attraction {unknown}


   Skills:
 + Level 7.3 Fighting
 + Level 8.0 Dodging
 + Level 8.0 Unarmed Combat
 + Level 5.5 Shapeshifting


You had 8 spell levels left.
You didn't know any spells.
Your spell library contained the following spells:

 Spells                   Type           Power      Damage    Failure   Level
 Magic Dart               Conj           0%         1d3       24%         1
 Necrotise                Necr           0%         1d4       24%         1
 Summon Small Mammal      Summ           0%         N/A       24%         1
 Call Imp                 Summ           0%         N/A       34%         2
 Cigotuvi's Dreadful Rot  Necr/Pois/Air  0%         N/A       34%         2
 Ensorcelled Hibernation  Hex/Ice        0%         N/A       34%         2
 Passwall                 Tmut/Erth      0%         N/A       34%         2
 Searing Ray              Conj           0%         2d4       34%         2
 Call Canine Familiar     Summ           0%         N/A       56%         3
 Ignite Poison            Fire/Tmut/Pois 0%         N/A       56%         3
 Mephitic Cloud           Conj/Pois/Air  0%         N/A       56%         3
 Summon Guardian Golem    Hex/Summ       0%         N/A       56%         3
 Swiftness                Air            0%         N/A       56%         3
 Vampiric Draining        Necr           0%         2d6       56%         3
 Fulminant Prism          Conj/Hex       0%         3d5       93%         4
 Agony                    Necr           0%         N/A       100%        5
 Freezing Cloud           Conj/Ice/Air   0%         6-21      100%        5
 Death Channel            Necr           0%         N/A       100%        6
 Malign Gateway           Summ/Tloc      0%         N/A       100%        7


Dungeon Overview and Level Annotations

Branches:
Dungeon (8/15) Zot: 1202   Temple (0/1) D:6
   Lair: D:8-11

Altars:
Fedhas
Nemelex Xobeh
Qazlal
Sif Muna
Trog

Annotations:
D:4 1 runed translucent door, Gruesome's ghost, amateur OpEE
D:5 3 runed translucent doors, Losyloc's ghost, amateur OpCK
D:8 Grum


Innate Abilities, Weirdness & Mutations

You are a hulking beast.
Your limbs bulge with bestial killing power. (Slay +3)
You passively map the area around you.
You are easily found by Zot.
You glow in the dark.
You regain HP and MP as you explore.


Message History

The wolf closely misses you. The wolf bites you.
You hit the wolf.
The wolf is almost dead.
The wolf misses you.
You hit the wolf but do no damage.
The wolf is almost dead.
The wolf misses you. The steam dragon barely misses you.
The steam dragon claws you.
Grum glances around and shouts, "Spot!
Here boy!"
Grum misses you.
You hit the wolf.
You kill the wolf!
Qazlal accepts your kill. The steam dragon bites you.
You block the steam dragon's attack. You block Grum's attack.
Your Dodging skill increases to level 8!
Your Unarmed Combat skill increases to level 8!
You are too injured to fight recklessly!
You are too injured to fight recklessly!
You hit the steam dragon.
The steam dragon is lightly wounded.
The wolf bites you. The steam dragon misses you.
The steam dragon barely misses you. Grum barely misses you. The wolf bites you.
You hit the steam dragon.
The steam dragon is moderately wounded.
The wolf bites you. The steam dragon barely misses you.
The steam dragon claws you. Grum completely misses you.
You hit the steam dragon.
The steam dragon is moderately wounded.
The wolf bites you!
* * * LOW HITPOINT WARNING * * *
You punch the steam dragon!
The steam dragon is severely wounded.
The wolf closely misses you. The steam dragon closely misses you.
The steam dragon claws you.
* * * LOW HITPOINT WARNING * * *
Grum hits you from afar with a +1 spear!
* * * LOW HITPOINT WARNING * * *
The wolf bites you!
You die...

** * , * * ** * *
,, , * * *, , * ,
* * * * * * , * *
.# * , ,, ,,..#
## # ** * #.#
##.###h##.## ,,
#.###.#Dhhg.....,
,
#..#..#.##h##.##
* * * *
*#.#.#.#.##.# *,
###*
*#......[...#
*,,+ ... ,
*#.#.#.#.#### ,
##### **#.....#.#
* * ....#
###.###.# , , +
....##### #.# #.#
, * ,* ........#
#.# #.#


You could see Grum, a steam dragon and 3 wolves.

Vanquished Creatures
  A hornet (D:6)
  Sigmund (D:6)
  A steam dragon (D:6)
  A water moccasin (D:5)
  4 ice beasts
  A wolf (D:8)
  2 ogres
  A phantom (D:4)
  2 kobold brigands (D:7)
  3 bullfrogs
  2 scorpions
  A jelly (D:8)
  A hound (D:5)
  2 sleepcaps (D:6)
  2 iguanas
  An orc wizard (D:5)
  An adder (D:3)
  2 ufetubi (D:5)
  A dart slug (D:5)
  8 orcs
  4 endoplasms
  2 giant cockroaches (D:3)
  5 goblins
  A hobgoblin (D:4)
  10 kobolds
  3 quokkas
  6 ball pythons
  2 bats
  A frilled lizard (D:3)
  4 rats
76 creatures vanquished.

Vanquished Creatures (others)
  An adder (D:6)
1 creature vanquished.

Grand Total: 77 creatures vanquished

Notes
Turn   | Place    | Note
-------+----------+-------------------------------------------
     0 | D:1      | Anon1729 the Meteoran Monk began the quest for the Orb.
     0 | D:1      | Reached XP level 1. HP: 19/19 MP: 2/2
   114 | D:1      | Reached XP level 2. HP: 24/26 MP: 3/3
   196 | D:2      | Reached XP level 3. HP: 33/33 MP: 4/4
   285 | D:3      | Found a stormy altar of Qazlal.
   304 | D:3      | Became a worshipper of Qazlal Stormbringer
   304 | D:3      | Reached * piety under Qazlal
   304 | D:3      | Reached ** piety under Qazlal
   540 | D:3      | Found a faded altar of an unknown god.
   804 | D:3      | Found a faded altar of an unknown god.
   811 | D:3      | Found a blossoming altar of Fedhas.
   917 | D:4      | Reached XP level 4. HP: 24/40 MP: 5/5
  1019 | D:4      | Found a runed translucent door.
  1022 | D:4      | Noticed Gruesome's ghost (amateur OpEE)
  1131 | D:4      | Noticed a phantom
  1157 | D:4      | Killed a phantom
  1158 | D:4      | Reached skill level 1 in Shapeshifting
  1158 | D:4      | Reached XP level 5. HP: 12/46 MP: 6/6
  1491 | D:4      | Found a shimmering blue altar of Sif Muna.
  1511 | D:5      | Entered Level 5 of the Dungeon
  1554 | D:5      | Found a runed translucent gate.
  1555 | D:5      | Found a runed translucent gate.
  1591 | D:5      | Reached XP level 6. HP: 47/53 MP: 7/7
  1618 | D:5      | Reached skill level 5 in Unarmed Combat
  1626 | D:5      | Reached skill level 5 in Dodging
  1655 | D:5      | Identified the +8 flail "Kokhlir" {flame, rC+ Stlth+}
  2096 | D:5      | Found a runed translucent gate.
  2097 | D:5      | Noticed Losyloc's ghost (amateur OpCK)
  2270 | D:5      | Noticed a water moccasin
  2278 | D:5      | Killed a water moccasin
  2279 | D:5      | Reached XP level 7. HP: 39/60 MP: 8/8
  2299 | D:6      | Reached skill level 5 in Fighting
  2393 | D:6      | Reached XP level 8. HP: 34/69 MP: 9/9
  2421 | D:6      | Reached *** piety under Qazlal
  2436 | D:6      | Found a staircase to the Ecumenical Temple.
  2451 | D:6      | Noticed a steam dragon
  2462 | D:6      | Killed a steam dragon
  2539 | D:6      | Noticed Sigmund
  2552 | D:6      | Killed Sigmund
  2769 | D:7      | Gained mutation: You passively map the area around you.
                  | [Meteoran growth]
  2769 | D:7      | Reached XP level 9. HP: 64/77 MP: 10/10
  2790 | D:7      | Noticed Joseph
  2908 | D:6      | Joseph changed into Joseph the hornet
  2908 | D:6      | Noticed Joseph
  2912 | D:6      | Killed Joseph the hornet
  2913 | D:6      | Reached skill level 5 in Shapeshifting
  3044 | D:7      | Found a bloodstained altar of Trog.
  3334 | D:8      | Got the Disquisition on Planar Unholy Arts
  3341 | D:8      | Found a sparkling altar of Nemelex Xobeh.
  3614 | D:8      | Noticed Grum
  3626 | D:8      | Slain by a wolf

Illustrated notes

Levels and vault maps discovered:
D:1:      dpeg_arrival_subterranean_lakeside_camping, layout_basic
D:2:      layout_loops_ring
D:3:      layout_rooms, mainiacjoe_overflow_cross_hatched,
          nicolae_overflow_ecumenical_swirl,
          shapermc_ecumenical_altar_flowoftime, minmay_cupped
D:4:      layout_cave_pools, kennysheep_orc_sif_temple,
          hellmonk_ghost_happy_afterlife, minmay_quantized
D:5:      layout_loops_corners, gammafunk_ghost_necromancy,
          roderic_serpentine_path, uniq_blork_the_orc
D:6:      layout_rooms, minmay_temple_entry_crystal_x, nicolae_titane,
          uniq_sigmund
D:7:      layout_rooms, trog_three_pillars_becter, uniq_joseph
D:8:      layout_loops_ring, zin_treasury, lemuel_doored_altar,
          mainiacjoe_overflow_tiny_flanked, corexii_corridor_pit,
          blue_anna_alchemist, uniq_grum

Skill      XL: |  1  2  3  4  5  6  7  8  9 |
---------------+----------------------------+-----
Dodging        | 4 5 6 8 |  8.0
Unarmed Combat | 4 5 6 8 |  8.0
Fighting       | 4 5 6 7 |  7.3
Shapeshifting  | 1 2 3 4 5 |  5.5

Action                     |  1- 3 |  4- 6 |  7- 9 || total
---------------------------+-------+-------+-------++-------
  Melee: Unarmed           |    68 |    85 |   128 ||   281
         Short sword       |       |     4 |       ||     4
  Evoke: Wand              |       |       |     1 ||     1
    Use: Scroll            |       |       |     7 ||     7
         Potion            |       |       |     1 ||     1
 Armour: Robe              |     7 |     9 |    12 ||    28
  Dodge: Dodged            |    33 |    47 |    76 ||   156
  Block: Orb               |     2 |     8 |    14 ||    24
   Form: Beast             |       |     1 |       ||     1

Table legend: (Time is in decaauts)
 A = Elapsed time spent in this place.
 B = Non-inter-level travel time spent in this place.
 C = Inter-level travel time spent in this place.
 D = Time resting spent in this place.
 E = Time spent auto-exploring this place.
 F = Levels seen in this place.
 G = Mean time per level.
                   A        B        C        D        E       F      G
               +--------+--------+--------+--------+--------+-----+--------+
         Total |   3596 |   3387 |    209 |    246 |   2470 |   8 |  449.5 |
       Dungeon |   3596 |   3387 |    209 |    246 |   2470 |   8 |  449.5 |
               +--------+--------+--------+--------+--------+-----+--------+

Top non-repeatable levels by time:
     D:5: 773 daAuts
     D:4: 629 daAuts
     D:3: 616 daAuts
     D:6: 607 daAuts
     D:7: 388 daAuts
     D:8: 325 daAuts
     D:1: 128 daAuts
     D:2: 126 daAuts
